 Dungeon Crawl Stone Soup version 0.21.1-1-g345015f (webtiles) character file.

420 inc the Chiller (level 6, -2/43 HPs)
             Began as an Octopode Ice Elementalist on June 11, 2018.
             Slain by Drak's ghost (11 damage)
             ... on level 3 of the Dungeon.
             The game lasted 00:07:14 (4839 turns).

inc the Chiller (Octopode Ice Elementalist)         Turns: 4839, Time: 00:07:15

Health: -2/43      AC:  1    Str:  7    XL:     6   Next: 94%
Magic:  9/9        EV: 13    Int: 19    God:
Gold:   145        SH:  0    Dex: 13    Spells: 3/9 levels left

rFire    . . .     SeeInvis .   l - +2 dagger (venom)
rCold    . . .     Gourm    .   (no shield)
rNeg     . . .     Faith    .   (helmet restricted)
rPois    .         Spirit   .   (no amulet)
rElec    .         Reflect  .   (no ring)
rCorr    .         Harm     .   (no ring)
MR       .....                  (no ring)
Stlth    +++.......             (no ring)
HPRegen  0.14/turn              (no ring)
MPRegen  0.11/turn              (no ring)
                                (no ring)
                                (no ring)

@: no status effects
A: almost no armour, stealthy swim, amphibious, 8 rings, constrict 8, camouflage
1, gelatinous body 1
a: no special abilities


You were on level 3 of the Dungeon.
You were not hungry.

You visited 1 branch of the dungeon, and saw 5 of its levels.

You collected 145 gold pieces.

Inventory:

Hand Weapons
 d - a +0 whip
 l - a +2 dagger of venom (weapon)
Wands
 h - a wand of enslavement (12)
 t - a wand of digging (9)
Scrolls
 e - 2 scrolls of noise {unknown}
 f - 2 scrolls of magic mapping {unknown}
 g - 5 scrolls of teleportation
 i - a scroll of fear {unknown}
 k - 2 scrolls of enchant armour
 m - a scroll of identify
 o - a scroll of fog {unknown}
 p - a scroll of enchant weapon {unknown}
 q - a scroll of amnesia {unknown}
 s - a scroll of immolation {unknown}
Potions
 c - a potion of flight
 j - a potion of cancellation
 n - a potion of degeneration
 r - a potion of mutation
Books
 a - a book of Frost

   Spells                             Type                      Level
   a - Freeze                         Ice                          1
   b - Throw Frost                    Conjuration/Ice              2
   c - Ozocubu's Armour               Charms/Ice                   3
   d - Throw Icicle                   Conjuration/Ice              4
   e - Summon Ice Beast               Ice/Summoning                4
 u - a book of Geomancy

   Spells                             Type                      Level
   a - Sandblast                      Earth                        1
   b - Passwall                       Transmutation/Earth          2
   c - Stone Arrow                    Conjuration/Earth            3
   d - Petrify                        Transmutation/Earth          4
   e - Lee's Rapid Deconstruction     Earth                        5
Comestibles
 b - 10 rations


   Skills:
 - Level 4.2 Fighting
 - Level 2.0 Dodging
 - Level 2.6 Stealth
 - Level 2.0 Spellcasting
 - Level 1.0 Conjurations
 + Level 6.0 Ice Magic


You had 3 spell levels left.
You knew the following spells:

 Your Spells              Type           Power        Failure   Level  Hunger
a - Freeze                Ice            ####         1%          1    #......
b - Ozocubu's Armour      Chrm/Ice       ##......     14%         3    ###....
c - Throw Frost           Conj/Ice       ###...       6%          2    ###....


Dungeon Overview and Level Annotations

Branches:
Dungeon (5/15)
 Temple: D:4-7

Altars:
Cheibriados
Fedhas
Makhleb
Okawaru
Wu Jian
Xom

Shops:
D:4 ?

Annotations:
D:3 Drak's ghost, amateur CeHu
D:4 Iko's ghost, weakling VSEn


Innate Abilities, Weirdness & Mutations

You cannot wear most types of armour.
You are very stealthy in the water. (Stealth+)
You are amphibious.
You can wear up to eight rings at the same time.
You can use your tentacles to constrict eight enemies at once.
Your skin changes colour to match your surroundings (Stealth+).
Your rubbery body absorbs attacks. (AC +1, EV +1)


Message History

The goblin is severely wounded.
You constrict the goblin.
You kill the goblin!
The kobold throws a stone.
The stone hits you.
Drak's ghost screams, "Don't try to defend!
You have no chance!"
Drak's ghost hits you! The kobold hits you with a short sword.
You see here a dagger.
You barely miss the kobold. Your grab misses the kobold.
Your squeeze misses the kobold. The kobold hits you with a short sword.
Drak's ghost hits you. The kobold closely misses you.
The kobold hits you with a short sword.
* * * LOW HITPOINT WARNING * * *
An ooze comes into view.
The ooze quivers.
The kobold throws a stone.
The stone barely misses you.
There is a stone staircase leading down here.
Drak's ghost hits you!
You die...

##### ..... .....####+##
#..........# ##
#...J......# ##########.
#..........# #.......##.
#.......K..###.......##.
#..(...@W..)(...$.......
#..........############.
#..........# #.
#######.#.#############.
#.................
###.#####.......#.
######.##..........#.
#......#...........##
###.######..##.......##


You could see Drak's ghost, an ooze and a kobold.

Vanquished Creatures
  An ogre (D:4)
  A scorpion (D:4)
  A jelly (D:5)
  A bullfrog skeleton (D:5)
  Ijyb (D:4)
  An iguana (D:4)
  A howler monkey skeleton (D:4)
  4 adders
  3 gnolls
  6 worms (D:2)
  A dart slug (D:2)
  4 leopard geckos
  4 orcs
  11 bats
  A giant cockroach (D:1)
  5 goblins
  10 hobgoblins
  3 quokkas (D:2)
  7 frilled lizards
  8 kobolds
  7 rats
81 creatures vanquished.

Notes
Turn   | Place    | Note
-------+----------+-------------------------------------------
     0 | D:1      | inc the Octopode Ice Elementalist began the quest for the Orb.
     0 | D:1      | Reached XP level 1. HP: 11/11 MP: 3/3
   164 | D:1      | Reached XP level 2. HP: 10/17 MP: 5/5
   615 | D:1      | Reached skill level 4 in Ice Magic
   615 | D:1      | Reached XP level 3. HP: 21/21 MP: 3/6
  1544 | D:2      | Reached XP level 4. HP: 9/27 MP: 5/7
  2278 | D:2      | Reached skill level 1 in Fighting
  2699 | D:3      | Found an ornate altar of the Wu Jian Council.
  2699 | D:3      | Found a shimmering altar of Xom.
  2835 | D:3      | Noticed Drak's ghost (amateur CeHu)
  2858 | D:3      | Reached XP level 5. HP: 20/35 MP: 6/8
  3107 | D:3      | Found a burning altar of Makhleb.
  3109 | D:3      | Found a snail-covered altar of Cheibriados.
  3110 | D:3      | Found a blossoming altar of Fedhas.
  3110 | D:3      | Found an iron altar of Okawaru.
  3660 | D:4      | Noticed Iko's ghost (weakling VSEn)
  3670 | D:4      | Noticed Ijyb
  3678 | D:4      | Killed Ijyb
  3683 | D:4      | Reached XP level 6. HP: 39/43 MP: 1/9
  3692 | D:4      | Learned a level 3 spell: Ozocubu's Armour
  3695 | D:4      | Learned a level 2 spell: Throw Frost
  3799 | D:4      | Found Itymad's Magic Scroll Shoppe.
  3944 | D:4      | Reached skill level 5 in Ice Magic
  4209 | D:5      | Entered Level 5 of the Dungeon
  4610 | D:5      | Reached skill level 6 in Ice Magic
  4839 | D:3      | Slain by Drak's ghost

Skill      XL: |  1  2  3  4  5  6 |
---------------+-------------------+-----
Ice Magic      | 4 6 |  6.0
Fighting       | 2 4 |  4.2
Dodging        | |  2.0
Stealth        | |  2.6
Spellcasting   | |  2.0
Conjurations   | |  1.0

Action                   |  1- 3 |  4- 6 || total
-------------------------+-------+-------++-------
Melee: Unarmed           |    14 |       ||    14
       Constrict         |    20 |    18 ||    38
       Tentacles         |    10 |     7 ||    17
       Whip              |    21 |       ||    21
       Dagger            |    30 |    67 ||    97
 Cast: Freeze            |    18 |    58 ||    76
  Use: Potion            |       |     2 ||     2
       Scroll            |       |     5 ||     5
 Stab: Sleeping          |     9 |     7 ||    16
  Eat: Chunk             |     2 |     9 ||    11
       Ration            |       |     1 ||     1
Armor: Skin              |     3 |    10 ||    13
Dodge: Dodged            |    48 |    68 ||   116
